 Dungeon Crawl Stone Soup version 0.31.0-12-g77e489cdc1 (webtiles) character file.

Game seed: 15489474059706308101

1183 EonDragon20 the Cudgeller (level 8, 0/69 HPs)
             Began as a Grey Draconian Fighter on Feb 14, 2024.
             Was a Believer of Zin.
             Slain by an orc warrior
             ... wielding a +0 halberd
              (13 damage)
             ... on level 6 of the Dungeon.
             The game lasted 00:17:05 (5742 turns).

EonDragon20 the Cudgeller (Grey Draconian Fighter)  Turns: 5742, Time: 00:17:06

Health: 0/69       AC: 12    Str: 19    XL:     8   Next: 19%
Magic:  11/11      EV: 13    Int: 10    God:    Zin [**....]
Gold:   291        SH:  4    Dex: 11    Spells: 7/7 levels left

rFire   . . .        a - +3 flail
rCold   . . .        b - +0 buckler
rNeg    . . .        (body armour unavailable)
rPois   .            (helmet restricted)
rElec   .            (no cloak)
rCorr   .            (no gloves)
SInv    .            g - +0 pair of boots
Will    .....        (no amulet)
Stlth   +            (no ring)
HPRegen 0.31/turn    (no ring)
MPRegen 0.12/turn

%: no passive effects
@: on recite cooldown
A: AC +11, amphibious, unfitting armour, cold-blooded
a: Renounce Religion, Recite, Vitalisation, Donate Gold


You were on level 6 of the Dungeon.
You worshipped Zin.
Zin was pleased with you.
You visited 2 branches of the dungeon, and saw 7 of its levels.

You collected 323 gold pieces.
You donated 32 gold pieces to Zin.

Inventory:

Hand Weapons
 a - a +3 flail (weapon)
Armour
 b - a +0 buckler (worn)
 g - a +0 pair of boots (worn)
Jewellery
 m - an amulet of faith
 r - a ring of ice
Wands
 n - a wand of charming (7)
Scrolls
 c - a scroll of teleportation
 j - a scroll of poison
 k - a scroll of butterflies
 p - a scroll of identify
Potions
 d - a potion of degeneration {unknown}
 e - 3 potions of curing
 f - 2 potions of attraction
 h - a potion of magic
 i - a potion of enlightenment {unknown}
 l - 2 potions of heal wounds
 o - a potion of ambrosia {unknown}


   Skills:
 * Level 5.5 Fighting
 * Level 7.1 Maces & Flails
 * Level 4.5 Dodging
 - Level 3.0 Shields
 * Level 4.1 Invocations


You had 7 spell levels left.
You didn't know any spells.
Your spell library contained the following spells:

 Spells                   Type           Power      Damage    Failure   Level
 Shock                    Conj/Air       0%         1d3       43%         1
 Mercury Vapours          Alch/Air       0%         N/A       58%         2
 Fugue of the Fallen      Necr           0%         N/A       82%         3
 Mephitic Cloud           Conj/Alch/Air  0%         N/A       82%         3
 Ozocubu's Armour         Ice            0%         N/A       82%         3
 Swiftness                Air            0%         N/A       82%         3
 Tukima's Dance           Hex            0%         N/A       82%         3
 Airstrike                Air            0%         2d(0-16)  99%         4
 Manifold Assault         Tloc           0%         N/A       99%         4
 Passage of Golubria      Tloc           0%         N/A       99%         4
 Freezing Cloud           Conj/Ice/Air   0%         6-21      100%        5
 Yara's Violent Unravell  Hex/Alch       0%         3d3       100%        5


Dungeon Overview and Level Annotations

Branches:
Dungeon (6/15)             Temple (1/1) D:5

Altars:
Ashenzari
Cheibriados
Fedhas
Gozag
Kikubaaqudgha
Makhleb
Nemelex Xobeh
Okawaru
Ru
Sif Muna
Trog
Uskayaw
Vehumet
Xom
Yredelemnul
Zin


Innate Abilities, Weirdness & Mutations

Your dull iron-grey scales are very hard. (AC +11)
You are amphibious.
You cannot fit into any form of body armour.
You are cold-blooded and may be slowed by cold attacks.


Message History

You hit the orc warrior.
The orc warrior is moderately wounded.
The orc wizard hits you but does no damage.
The orc warrior hits you with a +0 halberd.
The orc wizard hits you but does no damage.
The orc warrior hits you with a +0 halberd.
You hit the orc warrior but do no damage.
Your tail-slap misses the orc warrior.
The orc warrior is moderately wounded.
The orc warrior hits you with a +0 halberd!
The orc wizard hits you but does no damage.
Okay, then.
Activating: Recite (1% risk of failure)
Press: ? - help, Dir - look around, f - activate You clear your throat and prepare to recite. "It is just that the legions of the damned shall be expelled..."
The orc wizard is struck blind by the wrath of Zin!
The orc wizard shouts!
The orc wizard closely misses you.
The orc warrior hits you with a +0 halberd!
You hit the orc warrior.
The orc warrior is moderately wounded. "...in due time, for piety is what Zin has declared..."
The orc wizard hits you but does no damage.
The orc warrior hits you with a +0 halberd!
* * * LOW HITPOINT WARNING * * *
You barely miss the orc warrior.
The orc warrior is moderately wounded. "...the law of the land, and Zin's word is law!"
The orc is smitten by the wrath of Zin.
You kill the orc!
You finish reciting Anathema 12:40.
The orc warrior hits you with a +0 halberd.
* * * LOW HITPOINT WARNING * * *
The orc wizard barely misses you.
You hit the orc warrior.
The orc warrior is heavily wounded.
The orc wizard barely misses you.
The orc warrior hits you with a +0 halberd!
You die...

...#.... .......
..#.....# ### ###.#.....
#.. ........
#.####...#.. # #
#.#..#...#o### .#
###.#.#..#...#.#@#..###
....#.#..#...#)oo.......
...............>##..####
#####.#..#.....$....#
#####.#.............#
......#..##<.#####..#
....................#
.............######.#
#########.....# #


You could see an orc warrior and an orc wizard (blind, unable to see you).

Vanquished Creatures
  A water moccasin (D:6)
  A black bear (D:5)
  2 ogres (D:4)
  A kobold brigand (D:5)
  A scorpion (D:5)
  2 jellies
  A bombardier beetle (D:3)
  2 hounds (D:4)
  4 orc priests
  A sleepcap (D:5)
  2 iguanas
  4 orc wizards
  Ijyb (D:3)
  4 adders
  A shadow imp (D:5)
  2 ufetubi (D:4)
  4 dart slugs
  5 ribbon worms
  20 orcs
  3 endoplasms
  4 giant cockroaches
  9 goblins
  11 hobgoblins
  9 jackals
  A quokka (D:1)
  6 ball pythons
  12 bats
  3 frilled lizards
  10 kobolds
  7 rats
134 creatures vanquished.

Notes
Turn   | Place    | Note
-------+----------+-------------------------------------------
     0 | D:1      | EonDragon20 the Draconian Fighter began the quest for the
                  | Orb.
     0 | D:1      | Reached XP level 1. HP: 19/19 MP: 1/1
    14 | D:1      | You fall into a shaft and drop 1 floor!
   181 | D:2      | Reached XP level 2. HP: 25/26 MP: 2/2
   231 | D:1      | Reached skill level 3 in Maces & Flails
   322 | D:1      | Reached XP level 3. HP: 13/31 MP: 3/3
   952 | D:2      | Identified the +6 dagger of Distant Worlds {flame, Dex+5}
  1000 | D:2      | Reached skill level 4 in Maces & Flails
  1577 | D:3      | Reached XP level 4. HP: 36/38 MP: 4/4
  1771 | D:3      | Reached skill level 5 in Maces & Flails
  1861 | D:3      | Found a blossoming altar of Fedhas.
  2080 | D:3      | Reached XP level 5. HP: 45/45 MP: 5/5
  2184 | D:3      | Noticed Ijyb
  2208 | D:3      | Killed Ijyb
  2308 | D:3      | Reached skill level 6 in Maces & Flails
  2542 | D:3      | Found a shimmering altar of Xom.
  2590 | D:3      | Found a sacrificial altar of Ru.
  2643 | D:3      | Found a glowing silver altar of Zin.
  2649 | D:3      | Became a worshipper of Zin the Law-Giver
  2649 | D:3      | Reached * piety under Zin
  2991 | D:4      | Noticed an ogre
  3040 | D:4      | Noticed an ogre
  3122 | D:4      | Reached XP level 6. HP: 51/51 MP: 6/6
  3448 | D:4      | Reached skill level 7 in Maces & Flails
  3603 | D:4      | Reached ** piety under Zin
  4130 | D:4      | Reached skill level 1 in Invocations
  4130 | D:4      | Your scales start taking on a dull iron-grey colour.
  4130 | D:4      | Reached XP level 7. HP: 39/58 MP: 6/8
  4394 | D:5      | Entered Level 5 of the Dungeon
  4694 | D:5      | Found a staircase to the Ecumenical Temple.
  4755 | Temple   | Entered the Ecumenical Temple
  4846 | D:5      | Reached skill level 5 in Fighting
  5479 | D:6      | Reached XP level 8. HP: 51/68 MP: 10/10
  5742 | D:6      | Slain by an orc warrior

Illustrated notes

Levels and vault maps discovered:
D:1:      lemuel_arrival_behind_the_door_small, layout_basic,
          minmay_statues_item
D:2:      layout_basic, minivault_24
D:3:      kennysheep_the_goblin_king, layout_loops_corners,
          mainiacjoe_overflow_cross_hatched, zin_scriptorium,
          mainiacjoe_overflow_brackets, marbit_many_paths, serial_park_tiny_2,
          minivault_26, dk_noncrumbling_4
D:4:      layout_basic, cheibrodos_sewer_entry_bend, grunt_ministairs_9
D:5:      layout_basic, minmay_temple_entry_gardened_gates
D:6:      layout_basic, jmf_multi_god_temple,
          chequers_temple_overflow_minitemple
Temple:   hellmonk_temple_two_chambers

Skill      XL: |  1  2  3  4  5  6  7  8 |
---------------+-------------------------+-----
Maces & Flails | 3 4 5 6 7 |  7.1
Dodging        | 3 4 |  4.5
Invocations    | 1 3 4 |  4.1
Fighting       | 5 |  5.5
Shields        | |  3.0

Action                     |  1- 3 |  4- 6 |  7- 9 || total
---------------------------+-------+-------+-------++-------
  Melee: Flail             |   138 |   151 |   131 ||   420
         Tailslap          |    15 |    21 |    17 ||    53
 Invoke: Recite            |       |       |     1 ||     1
    Use: Scroll            |     4 |     2 |     7 ||    13
         Potion            |       |     2 |       ||     2
   Stab: Sleeping          |       |     1 |       ||     1
 Armour: Skin              |    66 |    97 |    75 ||   238
  Dodge: Dodged            |    89 |    93 |    62 ||   244
  Block: Buckler           |    29 |    30 |    28 ||    87
